Selects Panzerjäger Kommand Battlegroup
Selects GrB 39 Grenade Launcher Requisition
Construct Light Support Kompanie
Selects Defensive Positions
Pak 38 Anti-tank Gun Team
Selects Butterfly Bomb Drop
Construct Mechanized Kompanie
254 Reconnaissance Tractor
18-tonne Recovery Half-track
Selects Crew Shock Tactics
Construct Panzerarmee Kommand
18-tonne Recovery Half-track
254 Reconnaissance Tractor
Selects Elefant Tank Destroyer
Walking Stuka Rocket Launcher